 Dungeon Crawl Stone Soup version 0.24.1-1-gd1d2a07e1b (webtiles) character file.

Game seed: 8031484743886288542, levelgen mode: deterministic

1178 H0rd4k the Charlatan (level 8, -11/58 HPs)
             Began as a Human Artificer on Apr 8, 2020.
             Was an Initiate of Gozag.
             Splashed by Pikel's acid (17 damage)
             ... on level 5 of the Dungeon.
             The game lasted 00:13:08 (7177 turns).

H0rd4k the Charlatan (Human Artificer)              Turns: 7177, Time: 00:13:09

Health: -11/58     AC:  0    Str: 14    XL:     8   Next: 69%
Magic:  11/11      EV: 13    Int: 13    God:    Gozag
Gold:   848        SH:  0    Dex: 13    Spells: 7/7 levels left

rFire    x . .     SeeInvis .   d - +1 scimitar (slice)
rCold    + + .     Gourm    .   (no shield)
rNeg     . . .     Faith    .   o - +2 leather armour {rPois}
rPois    +         Spirit   .   (no helmet)
rElec    .         Reflect  .   (no cloak)
rCorr    .         Harm     .   u - +1 pair of gloves
MR       .....                  (no boots)
Stlth    ++........             s - amulet of regeneration
HPRegen  0.59/turn              n - ring of protection from cold
MPRegen  0.12/turn              m - ring of ice

@: corroded
A: no striking features
a: Potion Petition, Call Merchant, Bribe Branch, Renounce Religion


You were on level 5 of the Dungeon.
You worshipped Gozag.
Gozag was pleased with you.
You were hungry.

You visited 1 branch of the dungeon, and saw 5 of its levels.
You also visited: Sewer.

You collected 856 gold pieces.
You paid 8 gold pieces to Gozag.

Inventory:

Hand Weapons
 a - a +1 rapier of speed
 d - a +1 scimitar of slicing (weapon)
 i - a +0 long sword
Missiles
 l - 9 poisoned darts (quivered)
Armour
 o - a +2 leather armour of poison resistance (worn)
 u - a +1 pair of gloves (worn)
 v - a cursed +0 scale mail
Jewellery
 m - a ring of ice (right hand)
 n - a ring of protection from cold (left hand)
 s - an amulet of regeneration (around neck)
Wands
 c - a wand of flame (28)
Scrolls
 b - a scroll of enchant armour {unknown}
 g - 3 scrolls of fog {unknown}
 h - 2 scrolls of identify {unknown}
 k - 2 scrolls of magic mapping {unknown}
 q - a scroll of blinking {unknown}
 t - a scroll of remove curse {unknown}
 w - a scroll of fear {unknown}
Potions
 e - 2 potions of lignification {unknown}
 j - a potion of mutation {unknown}
 p - 2 potions of curing {unknown}
 r - 2 potions of magic {unknown}
Comestibles
 f - 8 rations


   Skills:
 + Level 3.2 Fighting
 + Level 4.2(5.0) Short Blades
 + Level 3.9(4.8) Long Blades
 + Level 2.0 Throwing
 + Level 3.5 Armour
 + Level 4.0 Dodging
 + Level 2.7 Stealth
 + Level 4.3 Evocations


You had 7 spell levels left.
You didn't know any spells.
Your spell library was empty.

Dungeon Overview and Level Annotations

Branches:
Dungeon (5/15)             Temple (0/1) D:5           Sewer (visited)

Altars:
Elyvilon
Gozag
Nemelex Xobeh
Okawaru
Qazlal
Ru
Sif Muna
Vehumet
The Shining One

Annotations:
D:3 1 runed translucent door, Descartes's ghost, amateur GnWn
D:4 exclusion: downstairs
D:5 exclusion: troll, Pikel


Message History

You enter the shallow water.
Moving in this stuff is going to be slow.
You see here 19 arrows.
Things that are here:
a +0 trident; a +0 chain mail Pikel is too close now for your liking.
You completely miss Pikel.
Pikel shouts!
Pikel hits you with a +1 whip of freezing.
Pikel closely misses you.
You completely miss Pikel.
Pikel zaps a wand.
The bolt of acid hits you! The acid corrodes you!
You are splashed with acid!
You hit Pikel but do no damage. Pikel hits you but does no damage.
You closely miss Pikel. Pikel barely misses you.
You riposte.
You hit Pikel but do no damage. You barely miss Pikel.
Pikel zaps a wand.
The bolt of acid hits you!!
* * * LOW HITPOINT WARNING * * *
The acid corrodes you!
You are splashed with acid!
You die...
Your body crumbles into a pile of gold.

#.....#≈≈._...'..#.##.##.#.).#
#)#####≈≈...≈≈#######.##.....#
#)# #≈≈≈≈≈≈≈# #.##....## #<#
##≈≈≈≈≈##### #.##.#.## ####.#
########.#.####......#
#....#####......#..#.........###
#'#.............#.###.##.......##
'_'...###..####K##.#.............
#+#.#.###..#....@....##.......[##
...#...).......###..##.##...####
#####.#.#..###..#....)).........#
#.#.#.......#.#####.##.####.#
#...........#.# #.##.####.#
#.###...##.##.#####......##.#
#.###...##.......#####.#.##.#
#................# #.#.##.#
#######.##......<# #.....[.


You could see Pikel.

Vanquished Creatures
  Sigmund (D:2)
  A phantom (D:4)
  4 slaves (D:5)
  A scorpion (D:4)
  2 bullfrogs (Sewer)
  A howler monkey (D:3)
  A crimson imp (D:5)
  A bullfrog zombie (D:5)
  A hound (D:4)
  A centaur zombie (D:5)
  3 orc priests
  2 orc wizards (D:3)
  A bullfrog skeleton (D:5)
  5 worker ants
  4 adders
  A gnoll (D:5)
  A shadow imp (D:5)
  An adder skeleton (D:5)
  5 worms
  5 dart slugs
  3 leopard geckos
  10 orcs
  3 ball pythons
  13 giant cockroaches
  5 hobgoblins
  3 jackals (D:3)
  2 quokkas
  7 bats
  9 frilled lizards
  8 goblins
  7 kobolds
  A leopard gecko skeleton (D:5)
  6 rats
119 creatures vanquished.

Vanquished Creatures (collateral kills)
  2 orc wizards (D:4)
  An adder (D:2)
  A gnoll (D:5)
  A worm (D:2)
  4 orcs (D:4)
9 creatures vanquished.

Vanquished Creatures (others)
  An ogre (D:4)
  A hound (D:4)
  An orc priest (D:4)
  2 gnolls (D:5)
5 creatures vanquished.

Grand Total: 133 creatures vanquished

Notes
Turn   | Place    | Note
-------+----------+-------------------------------------------
     0 | D:1      | H0rd4k the Human Artificer began the quest for the Orb.
     0 | D:1      | Reached XP level 1. HP: 15/15 MP: 3/3
   413 | D:1      | Reached XP level 2. HP: 13/21 MP: 4/4
  1425 | D:2      | Reached skill level 1 in Armour
  1425 | D:2      | Reached XP level 3. HP: 16/26 MP: 5/5
  1633 | D:2      | HP: 1/26 [poisoned by a worker ant]
  1639 | D:2      | Reached XP level 4. HP: 4/32 MP: 6/6
  2166 | D:2      | Found an opulent altar of Gozag.
  2175 | D:2      | Found an iron altar of Okawaru.
  2181 | D:2      | Became a worshipper of Gozag Ym Sagoz the Greedy
  2204 | D:2      | Noticed Sigmund
  2427 | D:2      | Killed Sigmund
  2427 | D:2      | Reached skill level 1 in Throwing
  2427 | D:2      | Reached XP level 5. HP: 19/37 MP: 7/7
  2427 | D:2      | Reached XP level 6. HP: 22/43 MP: 8/8
  2935 | D:2      | Found a sparkling altar of Nemelex Xobeh.
  3218 | D:2      | Found a radiant altar of Vehumet.
  3218 | D:2      | Found a sacrificial altar of Ru.
  3627 | D:3      | Found a runed translucent door.
  3629 | D:3      | Noticed Descartes's ghost (amateur GnWn)
  3953 | D:3      | Found a stormy altar of Qazlal.
  3954 | D:3      | Found a white marble altar of Elyvilon.
  4160 | D:4      | Noticed an ogre
  4190 | D:4      | Reached XP level 7. HP: 45/50 MP: 8/10
  4265 | D:4      | Reached skill level 1 in Long Blades
  5251 | D:5      | Entered Level 5 of the Dungeon
  5267 | D:5      | Noticed Pikel
  5413 | D:5      | Noticed a troll
  5512 | D:5      | Found a staircase to the Ecumenical Temple.
  5546 | D:5      | Reached XP level 8. HP: 50/57 MP: 11/11
  5569 | D:5      | Found a glowing drain.
  5624 | Sewer    | Entered a sewer
  6318 | D:5      | Found a glowing golden altar of the Shining One.
  7002 | D:5      | Found a shimmering blue altar of Sif Muna.
  7177 | D:5      | Splashed by Pikel's acid

Levels and vault maps discovered:
D:1:      lightli_arrival_chessboard, layout_basic, minmay_stone_trees_small
D:2:      layout_loops_corners, gammafunk_temple_overflow_forgotten,
          nicolae_overflow_crystal_walls, nemelex_lonely_heart_becter,
          uniq_sigmund
D:3:      layout_basic, gammafunk_temple_overflow_pools, ebering_ghost_sewer_d
D:4:      layout_loops_ring
D:5:      layout_loops_cross, led_sif_pool, kennysheep_mini,
          minmay_temple_entry_mini_moons, first_ration,
          cheibrodos_sewer_entry_bend, minmay_manual_mullet, uniq_grinder,
          uniq_pikel

Skill      XL: |  1  2  3  4  5  6  7  8 |
---------------+-------------------------+-----
Armour         | 1 2 3 |  3.5
Short Blades   | 2 3 4 |  4.2
Throwing       | 1 2 |  2.0
Dodging        | 3 4 |  4.0
Stealth        | 2 |  2.7
Fighting       | 2 3 |  3.2
Evocations     | 4 |  4.3
Long Blades    | 2 3 |  3.9

Action                   |  1- 3 |  4- 6 |  7- 9 || total
-------------------------+-------+-------+-------++-------
Melee: Short sword       |    81 |   116 |       ||   197
       Long sword        |       |    42 |    53 ||    95
       Rapier            |       |       |   221 ||   221
       Scimitar          |       |       |    90 ||    90
Throw: Dart              |    12 |     9 |    23 ||    44
Evoke: Wand              |       |    23 |    11 ||    34
  Use: Potion            |     1 |     1 |       ||     2
 Stab: Paralysed         |       |     3 |       ||     3
       Sleeping          |       |     3 |     1 ||     4
       Distracted        |       |       |     2 ||     2
  Eat: Chunk             |     2 |     1 |       ||     3
       Ration            |       |     2 |     3 ||     5
Armor: Leather armour    |    21 |    33 |    71 ||   125
       Robe              |       |     8 |       ||     8
Dodge: Dodged            |    62 |   103 |   209 ||   374
       Rpst.: Long sword |       |    17 |     7 ||    24
       Scimitar          |       |       |    19 ||    19
